Map: Lightshade LE

Players

Vindicta

  • Race: Terran Terran
  • League: Grandmaster

Scarlett - Winner!

  • Race: Zerg Zerg

Event: DreamHack SC2 Masters 2021 Summer

VOD

Have the link to the VOD?

Description

Time

  • Played on: May 28, 2021, 6:19 p.m.
  • Length: 12:42

All games in this series

Show
View Real Time Build Order
Export as new Build Order

Vindicta Terran 

Build Orders: Reaper Expand, Hellion Banshee 

Get SALT Encoding   

  12  0:00  SCV  
  13  0:12  SCV  
  14  0:17  Supply Depot  
  14  0:24  SCV  
  15  0:39  SCV  
  15  0:40  Barracks  
  16  0:43  Refinery  
  16  0:51  SCV  
  17  1:03  SCV  
  18  1:15  SCV  
  19  1:26  Reaper  
  19  1:27  Orbital Command  
  20  1:41  Command Center  
  20  1:53  Supply Depot  
  20  1:55  SCV  
  20  1:58  Marine  
  22  2:07  SCV  
  23  2:16  Factory  
  23  2:19  Barracks Reactor  
  23  2:20  SCV  
  24  2:32  SCV  
  25  2:44  SCV  
  26  2:45  Command Center  
  26  2:56  SCV  
  26  2:58  Orbital Command  
  27  3:02  Starport  
  27  3:07  Refinery  
  27  3:08  Marine  
  27  3:10  SCV  
  29  3:18  Hellion  
  31  3:21  Hellion  
  31  3:22  SCV  
  31  3:25  SCV  
  35  3:28  Barracks Tech Lab  
  35  3:35  SCV  
  35  3:37  SCV  
  35  3:39  Hellion  
  39  3:42  Hellion  
  39  3:47  SCV  
  42  3:51  SCV  
  42  3:52  Cloaking Field  
  43  3:56  Banshee  
  43  3:59  SCV  
  43  4:02  Orbital Command  
  47  4:05  Hellion  
  47  4:08  Hellion  
  47  4:09  SCV  
  52  4:12  Barracks Tech Lab  
  52  4:17  SCV  
  53  4:18  Supply Depot  
  53  4:21  SCV  
  54  4:26  Hellion  
  54  4:28  SCV  
  54  4:29  SCV, Hellion  
  54  4:31  Stimpack  
  60  4:34  SCV  
  61  4:40  SCV, Supply Depot  
  62  4:45  SCV  
  62  4:46  Banshee  
  62  4:47  SCV  
  62  4:52  SCV  
  68  4:57  Barracks  
  68  4:58  SCV  
  69  5:00  Barracks, Factory Reactor  
  69  5:02  SCV  
  69  5:03  Supply Depot  
  70  5:08  SCV  
  70  5:09  Engineering Bay  
  70  5:10  SCV, Engineering Bay  
  70  5:13  Refinery  
  70  5:14  SCV  
  71  5:15  Refinery  
  72  5:24  Supply Depot  
  72  5:25  SCV, Orbital Command  
  72  5:26  SCV, Supply Depot  
  73  5:36  Armory  
  73  5:37  SCV  
  73  5:38  SCV, Factory, Marine  
  73  5:42  Starport Reactor  
  76  5:49  SCV  
  77  5:50  SCV, Marine  
  77  5:51  Marine  
  77  5:55  Factory Reactor  
  77  5:56  SCV  
  82  5:57  Marine  
  82  5:59  Marine, Supply Depot x2  
  82  6:01  SCV  
  84  6:05  Terran Infantry Armor Level 1, Terran Infantry Weapons Level 1, SCV  
  84  6:07  Marine  
  84  6:08  SCV, Marine  
  88  6:12  Marine  
  88  6:13  SCV  
  88  6:15  Marine  
  88  6:17  SCV, Marine  
  93  6:20  SCV  
  93  6:22  Widow Mine  
  93  6:23  Drilling Claws, Combat Shield  
  93  6:25  SCV  
  92  6:27  Refinery  
  92  6:28  Marine  
  92  6:29  SCV  
  92  6:30  Marine  
  92  6:32  SCV  
  96  6:33  Marine, Medivac  
  96  6:35  Medivac  
  96  6:38  SCV  
  101  6:42  SCV  
  101  6:44  SCV, Supply Depot  
  103  6:49  Widow Mine, Marine  
  103  6:51  Marine  
  103  6:52  Marine  
  103  6:53  Marine  
  109  6:55  Barracks  
  109  6:56  Widow Mine x2, Barracks  
  109  6:57  Marine  
  114  7:03  Medivac  
  114  7:04  SCV  
  114  7:07  Marine  
  118  7:09  Marine  
  118  7:10  Marine  
  118  7:11  Marine  
  121  7:19  SCV x2  
  121  7:22  Widow Mine  
  125  7:23  Supply Depot x2  
  125  7:24  Marine  
  125  7:26  Marine, Command Center  
  125  7:29  Marine  
  130  7:30  Widow Mine, Marine  
  130  7:31  Marine  
  130  7:36  Supply Depot  
  132  7:42  Marine  
  132  7:43  Widow Mine  
  132  7:44  Marine  
  131  7:47  Marine  
  131  7:48  Marine  
  131  7:49  Barracks Reactor x2, Marine  
  131  7:50  Widow Mine  
  136  7:52  Medivac  
  136  7:54  Supply Depot x2  
  136  7:55  Medivac  
  140  8:00  Terran Infantry Weapons Level 2, Marine  
  140  8:02  Marine  
  140  8:03  Terran Infantry Armor Level 2  
  142  8:10  Widow Mine, Marine x2  
  142  8:11  Marine  
  144  8:19  Marine  
  144  8:20  Missile Turret  
  144  8:21  Missile Turret  
  144  8:22  Missile Turret, Medivac  
  144  8:24  Medivac  
  144  8:26  Marine x3  
  152  8:32  Marine x2  
  147  8:34  Widow Mine  
  147  8:36  Marine  
  147  8:37  Marine  
  147  8:39  Widow Mine  
  151  8:43  Marine x2  
  151  8:44  Marine  
  153  8:49  Marine x2  
  153  8:52  Widow Mine  
  153  8:54  Marine  
  152  8:56  Missile Turret x2  
  152  8:58  Barracks, Marine  
  152  9:00  Barracks  
  152  9:01  Marine x2  
  149  9:03  Widow Mine  
  149  9:04  Marine  
  149  9:07  Marine x2  
  149  9:09  Planetary Fortress  
  152  9:13  SCV x2  
  154  9:20  Widow Mine  
  154  9:21  Marine  
  157  9:25  Marine  
  157  9:26  Marine  
  157  9:27  Marine x2  
  157  9:30  Refinery  
  157  9:31  SCV  
  162  9:32  SCV, Marine  
  162  9:33  Widow Mine x2  
  162  9:35  Marine  
  163  9:39  Marine  
  163  9:41  Widow Mine  
  163  9:42  Orbital Command  
  163  9:43  Marine  
  163  9:44  Marine  
  163  9:45  Marine x3  
  135  9:50  Marine  
  125  9:53  Marine  
  125  9:54  Widow Mine  
  125  9:57  Marine  
  127  10:01  Marine  
  127  10:02  Marine  
  127  10:03  Marine x2  
  127  10:04  Barracks Tech Lab  
  127  10:05  SCV x2  
  127  10:07  Widow Mine x2  
  136  10:08  Marine  
  136  10:10  Barracks Tech Lab  
  136  10:11  Marine  
  138  10:15  SCV x2, Marine  
  138  10:16  Sensor Tower  
  138  10:17  SCV x2  
  138  10:19  Marine  
  138  10:20  Marine  
  145  10:23  Marine x2  
  145  10:27  SCV  
  146  10:28  Widow Mine  
  146  10:29  Marauder, Marine  
  146  10:30  Marauder, Marine  
  146  10:33  Widow Mine, Marine  
  155  10:36  Marine  
  155  10:37  SCV x2  
  155  10:38  Marine  
  158  10:43  Widow Mine  
  158  10:44  Marine  
  158  10:46  Marine  
  158  10:47  Marine  
  164  10:50  Widow Mine, Marauder, Marine  
  164  10:54  Marine  
  164  10:55  Widow Mine  
  164  10:56  Marine  
  141  11:04  Widow Mine  
  141  11:05  Marine x3  
  141  11:10  Marine x2, Supply Depot  
  141  11:11  Widow Mine, Marine  
  146  11:12  Marauder  
  146  11:16  Widow Mine, Marine x2  
  151  11:19  Marine  
  151  11:21  Marine  
  151  11:23  Marine x2  
  151  11:24  Marine  
  154  11:26  Widow Mine  
  154  11:28  Marine x2  
  154  11:29  Marine  
  154  11:32  Widow Mine  
  161  11:33  Marine  
  161  11:37  Widow Mine  
  161  11:39  Marine x2  
  166  11:41  Marine x2  
  166  11:46  Marine, Command Center  
  169  11:47  Widow Mine  
  169  11:53  Marauder, Marine  
  169  11:54  Widow Mine  
  168  11:55  Marine x3  
  168  11:56  Marine  
  168  11:57  Marine  
  168  11:59  Widow Mine  
  168  12:01  Marine  
  168  12:02  Marine x2  
  168  12:04  Marine  
  170  12:09  Widow Mine  
  170  12:10  Marine  
  170  12:11  Orbital Command  
  170  12:13  Marine x2  
  170  12:15  Widow Mine  
  152  12:17  Marine  
  152  12:20  Widow Mine  
  138  12:27  Supply Depot  
  138  12:28  SCV  
Show
View Real Time Build Order
Export as new Build Order

Scarlett Zerg - Winner!

Build Orders: Hatch First, Muta Ling Bane 

Get SALT Encoding   

  12  0:00  Drone  
  13  0:12  Overlord  
  13  0:17  Drone  
  14  0:30  Drone x2  
  16  0:46  Hatchery  
  15  0:51  Drone  
  15  0:54  Drone  
  17  0:57  Drone  
  18  1:09  Extractor  
  17  1:12  Spawning Pool  
  17  1:16  Drone  
  17  1:19  Drone  
  18  1:28  Drone  
  19  1:39  Drone  
  20  1:50  Drone  
  21  1:59  Queen x2  
  21  2:01  Zergling x4  
  27  2:15  Hatchery  
  26  2:17  Overlord  
  26  2:20  Drone  
  27  2:24  Drone  
  28  2:30  Metabolic Boost  
  28  2:36  Drone x2  
  30  2:40  Drone  
  30  2:44  Overlord  
  31  2:45  Drone  
  32  2:53  Queen  
  34  3:00  Drone x2  
  36  3:06  Queen  
  36  3:10  Drone x3  
  41  3:15  Drone x3  
  44  3:26  Queen  
  44  3:29  Queen  
  44  3:30  Drone x2  
  50  3:35  Overlord  
  50  3:42  Overlord  
  50  3:51  Overlord  
  50  3:54  Zergling x6  
  50  3:55  Drone x4  
  57  4:03  Drone x6  
  63  4:10  Overlord  
  63  4:11  Queen  
  63  4:16  Queen  
  67  4:22  Drone x3, Overlord  
  70  4:25  Zergling x2  
  70  4:26  Zergling x2  
  72  4:33  Drone x4  
  76  4:43  Drone x5  
  81  4:46  Overlord  
  81  4:51  Hatchery  
  80  4:54  Spore Crawler  
  80  4:55  Spore Crawler  
  80  4:56  Spore Crawler  
  80  4:58  Drone x5  
  80  4:59  Drone  
  83  5:03  Zergling x2, Baneling Nest  
  83  5:04  Zergling x2  
  83  5:05  Lair  
  84  5:12  Drone x4  
  88  5:18  Extractor x4  
  84  5:24  Extractor, Drone x6  
  89  5:28  Evolution Chamber  
  89  5:29  Zergling x6, Evolution Chamber  
  94  5:39  Drone x4  
  94  5:40  Spore Crawler x2  
  94  5:42  Pneumatized Carapace  
  91  5:51  Drone, Baneling x4  
  91  5:52  Drone x3  
  95  5:58  Spore Crawler  
  95  6:00  Roach Warren  
  95  6:04  Drone x10  
  101  6:06  Overseer  
  101  6:07  Centrifical Hooks  
  101  6:09  Zerg Melee Weapons Level 1  
  101  6:11  Overseer  
  103  6:21  Overlord  
  103  6:22  Overlord  
  103  6:24  Spire  
  103  6:25  Drone x2, Overlord  
  103  6:35  Zerg Ground Armor Level 1  
  103  6:37  Hatchery  
  103  6:40  Extractor, Baneling  
  103  6:41  Baneling x5  
  103  6:42  Drone x9  
  103  6:43  Extractor  
  110  6:51  Zergling x2  
  110  6:52  Zergling x14  
  115  7:01  Overlord  
  115  7:02  Overlord x2  
  115  7:06  Zergling x2  
  115  7:07  Zergling x10  
  115  7:08  Baneling x5  
  121  7:09  Queen  
  123  7:20  Overlord  
  123  7:25  Zergling x10  
  128  7:34  Overseer  
  128  7:44  Mutalisk x8  
  126  7:46  Zerg Flyer Weapons Level 1  
  126  7:48  Drone x3  
  126  7:49  Drone x4  
  149  8:00  Zergling x14  
  156  8:12  Zergling x12  
  155  8:13  Baneling x6  
  155  8:14  Baneling x5, Zerg Melee Weapons Level 2  
  155  8:17  Zergling x2  
  155  8:18  Zergling x6  
  155  8:19  Hatchery, Baneling x6  
  158  8:22  Zergling x6  
  154  8:38  Zergling x16  
  154  8:39  Zergling x6, Overlord x2  
  165  8:41  Zerg Ground Armor Level 2, Infestation Pit  
  165  8:45  Baneling x5  
  164  8:50  Drone  
  164  8:51  Drone x2  
  165  9:00  Overlord x2  
  161  9:05  Zergling x18  
  170  9:11  Mutalisk x6  
  182  9:21  Zergling x8  
  181  9:32  Zergling x2  
  181  9:33  Zergling x20  
  181  9:40  Zerg Flyer Armor Level 1  
  181  9:44  Mutalisk x8  
  171  9:50  Zergling x8  
  159  9:53  Hive  
  159  9:58  Zergling x10  
  164  10:00  Extractor  
  164  10:01  Extractor  
  164  10:02  Drone x3  
  164  10:04  Drone x3  
  163  10:11  Baneling x9  
  163  10:12  Baneling x5, Zergling x14  
  170  10:17  Overseer  
  170  10:18  Hatchery  
  169  10:22  Mutalisk x3  
  169  10:26  Zergling x18  
  181  10:38  Zergling x22  
  188  10:43  Overlord  
  175  11:02  Zergling x2  
  175  11:03  Zergling x34  
  192  11:05  Adrenal Glands  
  192  11:07  Ultralisk Cavern  
  191  11:12  Zergling x18  
  191  11:15  Baneling x13  
  191  11:16  Baneling x5  
  200  11:33  Baneling x21  
  190  12:03  Zergling x18  
  197  12:12  Zergling x2  
  197  12:13  Zergling x20  
  183  12:25  Zergling x2  
Tags
 
Add a new tag
Caveats
  • Supply blocks, unpowered buildings, or Contaminate may cause inaccurate times.
  • Supply counts are checked every 10 seconds.